 Dungeon Crawl Stone Soup version 0.21-a0-538-gd16b88a (webtiles) character file.

291 mortelune the Conjurer (level 6, 0/45 HPs)
             Began as a Draconian Fire Elementalist on Dec 16, 2017.
             Killed from afar by an orc wizard (3 damage)
             ... with a puff of flame
             ... on level 3 of the Dungeon.
             The game lasted 00:06:11 (2210 turns).

mortelune the Conjurer (DrFE)                       Turns: 2210, Time: 00:06:11

Health: 0/45       AC:  6    Str: 10    XL:     6   Next: 10%
Magic:  4/20       EV: 12    Int: 15    God:
Gold:   114        SH:  0    Dex: 12    Spells: 5/11 levels left

rFire    . . .     SeeInvis .   i - +0 halberd
rCold    . . .     Gourm    .   (shield currently unavailable)
rNeg     . . .     Faith    .   (armour unavailable)
rPois    .         Spirit   .   (helmet restricted)
rElec    .         Reflect  .   (no cloak)
rCorr    .         Harm     .   (no gloves)
MR       .....                  (no boots)
Stlth    ++........             (no amulet)
HPRegen  0.00/turn              e - ring of magical power
MPRegen  0.17/turn              (no ring)

@: no status effects
A: unfitting armour, dopey 1, screaming 1, inhibited regeneration, evolution 1,
cold-blooded, AC +6
a: no special abilities


You were on level 3 of the Dungeon.
You were very hungry.

You visited 1 branch of the dungeon, and saw 3 of its levels.

You collected 114 gold pieces.

Inventory:

Hand Weapons
 h - a +1 short sword
 i - a +0 halberd (weapon)
Jewellery
 e - a ring of magical power (left hand)
Scrolls
 d - 2 scrolls of fog {unknown}
 g - 2 scrolls of amnesia {unknown}
 l - 4 scrolls of teleportation {unknown}
 m - 2 scrolls of enchant weapon
 n - a scroll of immolation {unknown}
 p - a scroll of magic mapping {unknown}
Potions
 c - a potion of flight {unknown}
 f - a potion of lignification {unknown}
 k - a potion of mutation
 q - a potion of heal wounds {unknown}
Books
 a - a book of Flames

   Spells                             Type                      Level
   a - Flame Tongue                   Conjuration/Fire             1
   b - Throw Flame                    Conjuration/Fire             2
   c - Conjure Flame                  Conjuration/Fire             3
   d - Inner Flame                    Hexes/Fire                   3
   e - Sticky Flame                   Conjuration/Fire             4
   f - Fireball                       Conjuration/Fire             5
Comestibles
 b - 2 bread rations
 j - a meat ration
 o - a royal jelly
 r - 4 fruits


   Skills:
 - Level 1.7 Dodging
 - Level 1.7 Stealth
 + Level 3.3 Spellcasting
 * Level 4.4 Conjurations
 + Level 4.2 Fire Magic


You had 5 spell levels left.
You knew the following spells:

 Your Spells              Type           Power        Failure   Level  Hunger
a - Flame Tongue          Conj/Fire      ###..        3%          1    None
b - Throw Flame           Conj/Fire      ###...       4%          2    ##.....
c - Conjure Flame         Conj/Fire      ###.....     10%         3    ###....


Dungeon Overview and Level Annotations

Branches:
Dungeon (3/15)

Altars:
Gozag


Innate Abilities, Weirdness & Mutations

Your plain brown scales are hard. (AC +6)
You cannot fit into any form of body armour.
You are cold-blooded and may be slowed by cold attacks.
You are dopey. (Int -2)
You occasionally shout uncontrollably at your foes.
You do not regenerate when monsters are visible.
You evolve.


Message History

You hear some strange, mumbled words.
A puff of frost appears from out of thin air!
The puff of frost hits you!
* * * LOW HITPOINT WARNING * * *
You miss something. Something hits you.
* * * LOW HITPOINT WARNING * * *
Something hits you but does no damage.
It was a potion of mutation.
You feel extremely strange.
Your regeneration stops near monsters.
You feel the urge to shout.
You feel stupid.
You feel nature experimenting on you.
Don't worry, failures die fast.
Something hits you.
* * * LOW HITPOINT WARNING * * *
You hear some strange, mumbled words.
A puff of flame appears from out of thin air!
The puff of flame misses you.
You hear some strange, mumbled words.
A puff of flame appears from out of thin air!
The puff of flame hits you!
You die...

#...............
##...##.##..#####
#....#>....##
...o.#.##### ##.)...#
######## #...####
#......# ..#o#
###......# .##.#
#........#
.#..##########{.@....<#
.....o...#.....########
##.#####)......# #.#
###.....## #.#
#.....##..# #..
...#######.# [.(...
#... #..## ..... #..#
##....


There were no monsters in sight!

Vanquished Creatures
  The ghost of anet the Ducker, an amateur HaWz (D:3)
  An orc wizard (D:3)
  4 gnolls
  An adder (D:3)
  An ooze (D:3)
  A worm (D:2)
  A dart slug (D:1)
  4 orcs (D:3)
  3 giant cockroaches (D:1)
  2 goblins (D:3)
  3 hobgoblins (D:2)
  A ball python (D:2)
  4 bats
  4 frilled lizards
  2 kobolds (D:1)
  5 rats
38 creatures vanquished.

Notes
Turn   | Place    | Note
-------+----------+-------------------------------------------
     0 | D:1      | mortelune the Draconian Fire Elementalist began the quest for the Orb.
     0 | D:1      | Reached XP level 1. HP: 14/14 MP: 3/3
   678 | D:1      | Reached XP level 2. HP: 20/20 MP: 5/5
   682 | D:1      | Learned a level 2 spell: Throw Flame
  1154 | D:2      | Reached XP level 3. HP: 26/26 MP: 5/6
  1189 | D:2      | Learned a level 3 spell: Conjure Flame
  1522 | D:2      | Found an opulent altar of Gozag.
  1733 | D:2      | Reached XP level 4. HP: 33/33 MP: 7/7
  2153 | D:3      | Noticed anet's ghost (amateur HaWz)
  2160 | D:3      | Killed anet's ghost
  2160 | D:3      | Reached XP level 5. HP: 38/38 MP: 8/9
  2166 | D:3      | Reached XP level 6. HP: 45/45 MP: 1/11
  2205 | D:3      | Gained mutation: You do not regenerate when monsters are visible. [potion of mutation]
  2205 | D:3      | Gained mutation: You occasionally shout uncontrollably at your foes. [potion of mutation]
  2205 | D:3      | Gained mutation: You are dopey. (Int -2) [potion of mutation]
  2205 | D:3      | Gained mutation: You evolve. [potion of mutation]
  2210 | D:3      | Killed from afar by an orc wizard

Vault maps used:
D:1:      scummos_arrival_gate
D:2:      old_standard_altar, first_bread, hangedman_decor_riveting
D:3:      cheibrodos_helix_gallery, nicolae_overflow_crystal_walls

Skill      XL: |  1  2  3  4 |
---------------+-------------+-----
Conjurations   | 2 4 |  4.4
Spellcasting   | 3 |  3.3
Fire Magic     | 4 |  4.2
Dodging        | |  1.7
Stealth        | |  1.7

Action                   |  1- 3 |  4- 6 || total
-------------------------+-------+-------++-------
Melee: Unarmed           |     2 |       ||     2
       Halberd           |     3 |    15 ||    18
 Cast: Flame Tongue      |    29 |     4 ||    33
       Throw Flame       |    21 |    19 ||    40
       Conjure Flame     |     1 |     1 ||     2
  Use: Scroll            |     1 |       ||     1
       Potion            |       |     1 ||     1
  Eat: Chunk             |     4 |     2 ||     6
Armor: Skin              |     2 |     3 ||     5
Dodge: Dodged            |    16 |     5 ||    21

Table legend:
 A = Spawn XP
 B = Non-spawn XP
 C = Spawn XP percentage of total XP
 D = Spawn monster count
 E = Non-spawn monster count
 F = Spawn count percentage of total count
 G = Total turns spent on level
                    A         B        C        D         E        F      G
               +---------+---------+-------+---------+---------+-------+---------
         Total |       0 |     417 |   0.0 |       0 |      38 |   0.0 |  2210
               +---------+---------+-------+---------+---------+-------+---------
           D:1 |       0 |      33 |   0.0 |       0 |      12 |   0.0 |  1055
           D:2 |       0 |      64 |   0.0 |       0 |      15 |   0.0 |   907
           D:3 |       0 |     320 |   0.0 |       0 |      11 |   0.0 |   248
               +---------+---------+-------+---------+---------+-------+---------
